Golden Knights vs Islanders

Created - 6 janvier 2022 at 12:52

Goals
1 2 3 T
Golden Knights 0 1 0 1
Islanders 2 1 2 5
Shots
1 2 3 T
Golden Knights 11 10 10 31
Islanders 12 5 12 29

1st period

1. Islanders , Johnny Gaudreau 20 (Evgeny Kuznetsov 14) at 4:24 (PP)
2. Islanders , Craig Smith 8 (Mathew Dumba 14) at 12:52 (PP)

Penalties :
Blake Coleman (VGK) for Hooking (Minor) at 4:23, Jacob Bryson (VGK) for Holding (Minor) at 6:55, Zach Aston-Reese (NYI) for Holding (Minor) at 9:00, Blake Coleman (VGK) for Elbowing (Minor) at 12:18

2nd period

3. Golden Knights , Brock Boeser 19 (Evgeni Malkin 23) at 6:54 (PP)
4. Islanders , Johnny Gaudreau 21 (Evgeny Kuznetsov 15, Nick Paul 9) at 13:42

Penalties :
Mathew Dumba (NYI) for Hooking (Minor) at 6:53, Ondrej Palat (VGK) for Holding (Minor) at 8:42, Ryan Pulock (VGK) for Hooking (Minor) at 15:44

3rd period

5. Islanders , Johnny Gaudreau 22 (Evgeny Kuznetsov 16, Mathew Dumba 15) at 2:32
6. Islanders , Rickard Rakell 11 (Brian Dumoulin 10) at 14:08 (PP)

Penalties :
Drake Caggiula (VGK) for Tripping (Minor) at 3:44, Brady Skjei (NYI) for Roughing (Minor) at 11:02, Jonny Brodzinski (VGK) for Tripping (Minor) at 13:42

Goalie Stats

Connor Hellebuyck (VGK), 15 saves from 19 shots - (0,789), L, 13-12-3, 42:32 minutes
Keith Kinkaid (VGK), 9 saves from 10 shots - (0,900), 17:28 minutes
Mikko Koskinen (NYI), 30 saves from 31 shots - (0,968), W, 3-3-2, 60:00 minutes

Players Stats for Golden Knights

Player Name              G  A  P  +/- PIM S  H  SB GA TA FO     MP     PP MP  PK MP  
------------------------------------------------------------------------------------
Adam Boqvist             0  0  0  -1  0   0  6  1  0  1  0/0    15:04   0:00   1:49 
Antoine Roussel          0  0  0   0  0   1  2  1  0  1  0/0    10:52   0:00   0:00 
Blake Coleman            0  0  0  -1  4   2  0  1  1  0  2/21   15:13   1:54   0:00 
Brock Boeser             1  0  1  -1  0   2  3  0  0  0  4/10   21:42   2:05   4:31 
Danny O'Regan            0  0  0   0  0   0  3  1  0  0  0/0     7:41   0:00   0:00 
David Backes             0  0  0   0  0   2  0  1  1  0  4/7    14:51   0:00   3:59 
Derek Stepan             0  0  0  -1  0   3  2  0  1  0  2/3    15:15   1:54   0:00 
Drake Caggiula           0  0  0   0  2   5  1  0  0  0  0/0    11:33   0:00   0:38 
Evgeni Malkin            0  1  1  -1  0   1  2  0  2  0  8/14   17:49   2:05   0:59 
Gustav Lindstrom         0  0  0   0  0   0  1  1  0  0  0/0    23:09   1:39   3:50 
Jacob Bryson             0  0  0  -1  2   0  0  0  0  2  0/0    27:33   0:00   4:00 
Jake Evans               0  0  0   0  0   0  0  0  0  0  0/0     0:00   0:00   0:00 
Jonny Brodzinski         0  0  0   0  2   1  1  1  0  0  0/0     7:40   0:00   0:00 
Kris Russell             0  0  0   0  0   0  0  0  0  0  0/0     0:59   0:00   0:17 
Max Gildon               0  0  0   0  0   0  0  0  0  0  0/0     2:50   1:39   0:34 
Nic Dowd                 0  0  0   0  0   2  0  0  0  0  1/4    12:18   0:00   4:12 
Ondrej Palat             0  0  0  -1  2   3  1  0  0  0  0/1    17:10   2:05   0:00 
P.K. Subban              0  0  0  -1  0   2  0  0  0  3  0/0    25:15   2:20   4:23 
Phil Kessel              0  0  0  -1  0   5  0  1  0  0  1/1    18:50   1:54   3:35 
Ryan Pulock              0  0  0  -1  2   2  1  3  0  1  0/0    25:12   2:20   3:01 

Players Stats for Islanders

Player Name              G  A  P  +/- PIM S  H  SB GA TA FO     MP     PP MP  PK MP  
------------------------------------------------------------------------------------
Brad Richardson          0  0  0   0  0   0  0  0  0  0  5/5    10:04   0:00   1:48 
Brady Skjei              0  0  0   0  2   0  0  1  0  0  0/0    21:55   2:43   0:44 
Brian Dumoulin           0  1  1   0  0   3  1  1  0  2  0/0    24:14   6:14   1:39 
Calvin de Haan           0  0  0   2  0   0  1  2  0  1  0/0    20:11   0:00   2:20 
Connor Carrick           0  0  0   0  0   1  1  0  0  1  0/0    15:21   2:43   0:22 
Craig Smith              1  0  1   0  0   3  0  0  2  0  0/0    14:23   3:39   0:19 
Erik Gudbranson          0  0  0   0  0   0  1  0  0  0  0/0    13:48   0:00   2:20 
Evgeny Kuznetsov         0  3  3   2  0   4  0  0  1  0  7/11   19:02   4:49   0:19 
Jake Muzzin              0  0  0   0  0   0  0  0  0  0  0/0     0:00   0:00   0:00 
Jean-Gabriel Pageau      0  0  0   0  0   2  1  1  0  0  12/19  20:01   3:39   1:55 
Johnny Gaudreau          3  0  3   2  0   9  1  0  0  0  2/3    18:46   4:52   0:00 
Kyle Palmieri            0  0  0   0  0   1  2  1  0  0  2/3    14:53   0:39   0:00 
Mathew Dumba             0  2  2   2  2   2  1  1  0  0  0/0    24:34   6:14   0:33 
Nick Paul                0  1  1   2  0   0  0  0  0  1  10/16  15:24   0:00   1:45 
Rem Pitlick              0  0  0   0  0   1  0  0  1  0  0/0    13:01   4:49   0:00 
Rickard Rakell           1  0  1   0  0   2  1  0  4  0  0/0    18:06   3:39   0:00 
Sam Gagner               0  0  0   0  0   0  1  0  0  0  0/0     9:51   0:29   0:54 
Valtteri Filppula        0  0  0   0  0   1  0  0  0  0  1/4    10:25   0:00   0:00 
Zach Aston-Reese         0  0  0   0  2   0  1  0  0  0  0/0    11:59   0:16   0:58 

3 Stars

1 - Johnny Gaudreau (NYI)
2 - Mikko Koskinen (NYI)
3 - Evgeny Kuznetsov (NYI)

Power Play

Golden Knights - 1 on 3 Attempt(s) - 33,33%
Islanders - 3 on 7 Attempt(s) - 42,86%

Penalty Kill

Golden Knights - 4 on 7 Attempt(s) - 57,14% - Score 0 goal in Penalty Kill
Islanders - 2 on 3 Attempt(s) - 66,67% - Score 0 goal in Penalty Kill

Team Stat

Golden Knights - Hits : 23 - Faceoff Wins : 22 - Blocked Shots : 11 - Penalty Minutes : 14
Islanders - Hits : 12 - Faceoff Wins : 39 - Blocked Shots : 7 - Penalty Minutes : 6

Official

Referees : Mitch Dunning and Dan O'Rourke
Linesman : Luke Murray and Steven Walsh

Game Notes

13:29 of 1st period - Golden Knights goal is going for a video replay. After video review, No Goal. The puck has entered the net after making contact with an attacking player’s stick that is above the height of the crossbar.
Johnny Gaudreau has scored a Hat Trick!
Keith Kinkaid enters game at 2:32 of 3rd period

Finance

Level 1 -- Attendance: 5864 (97,73%) -- Ticket Income 586 400 $
Level 2 -- Attendance: 4509 (90,18%) -- Ticket Income 270 540 $
Level 3 -- Attendance: 1973 (98,65%) -- Ticket Income 69 055 $
Level 4 -- Attendance: 3632 (90,80%) -- Ticket Income 72 640 $
Luxury Box -- Attendance: 791 (79,10%) -- Ticket Income 158 200 $
Game was played at the Long Island Arena.
Total Attendance: 16769 (93,16%)
Total Ticket Income: 1 156 835 $
Other Income: 566 849 $
Total Income: 1 723 684 $

Golden Knights

5 vs 5 Forward 
   Center                   Left Wing                Right Wing               Time % Phy DF OF 
 1 Evgeni Malkin            Ondrej Palat             Brock Boeser             36     0   2  3  
 2 Blake Coleman            Derek Stepan             Phil Kessel              34     0   2  3  
 3 David Backes             Antoine Roussel          Drake Caggiula           26     0   2  3  
 4 Nic Dowd                 Danny O'Regan            Jonny Brodzinski         4      0   3  2  

5 vs 5 Defense 
   Defense                  Defense                                           Time % Phy DF OF 
 1 Ryan Pulock              P.K. Subban                                       35     0   2  3  
 2 Jacob Bryson             Gustav Lindstrom                                  35     0   2  3  
 3 Adam Boqvist             Jacob Bryson                                      25     0   3  2  
 4 Ryan Pulock              Jacob Bryson                                      5      0   3  2  

PowerPlay Forward 
   Center                   Left Wing                Right Wing               Time % Phy DF OF 
 1 Evgeni Malkin            Ondrej Palat             Brock Boeser             55     0   1  4  
 2 Blake Coleman            Derek Stepan             Phil Kessel              45     0   1  4  

PowerPlay Defense
   Defense                  Defense                                           Time % Phy DF OF 
 1 Ryan Pulock              P.K. Subban                                       55     0   2  3  
 2 Max Gildon               Gustav Lindstrom                                  45     0   2  3  

Penalty Kill 4 Players Forward 
   Center                   Wing                     Time % Phy DF OF 
 1 Brock Boeser             Nic Dowd                 54     0   3  2  
 2 David Backes             Phil Kessel              46     0   3  2  

Penalty Kill 4 Players Defense
   Defense                  Defense                  Time % Phy DF OF 
 1 Jacob Bryson             P.K. Subban              54     1   2  2  
 2 Ryan Pulock              Gustav Lindstrom         46     1   2  2  

Penalty Kill - 3 Players Forward 
   Forward                                           Time % Phy DF OF 
 1 Nic Dowd                                          55     0   3  2  
 2 David Backes                                      45     0   3  2  

Penalty Kill - 3 Players Defense
   Defense                  Defense                  Time % Phy DF OF 
 1 Ryan Pulock              P.K. Subban              55     0   3  2  
 2 Jacob Bryson             Gustav Lindstrom         45     0   3  2  

4 vs 4 Forward 
   Center                   Wing                     Time % Phy DF OF 
 1 Brock Boeser             Ondrej Palat             55     0   2  3  
 2 Evgeni Malkin            Phil Kessel              45     0   2  3  

4 vs 4 Defense
   Defense                  Defense                  Time % Phy DF OF 
 1 Ryan Pulock              P.K. Subban              55     0   2  3  
 2 Jacob Bryson             Gustav Lindstrom         45     0   3  2  

Last Minutes Offensive
   Center                   Left Wing                Right Wing               Defense                  Defense                  
   Evgeni Malkin            Ondrej Palat             Brock Boeser             Ryan Pulock              P.K. Subban              

Last Minutes Defensive
   Center                   Left Wing                Right Wing               Defense                  Defense                  
   Evgeni Malkin            David Backes             Brock Boeser             Ryan Pulock              P.K. Subban              

Goaltenders
Starting : Connor Hellebuyck        
Backup : Keith Kinkaid            

Extra Forwards
Normal : Nic Dowd, Jake Evans, Danny O'Regan - PP : David Backes, Jake Evans - PK : Nic Dowd
Extra Defensemen
Normal : P.K. Subban, Adam Boqvist, Jacob Bryson - PP : Gustav Lindstrom - PK : Adam Boqvist, Max Gildon
Penalty Shots
Brock Boeser, Ondrej Palat, Evgeni Malkin, Phil Kessel, Blake Coleman
Custom OT Lines Forwards
Brock Boeser, Drake Caggiula, Evgeni Malkin, Phil Kessel, Blake Coleman, Derek Stepan, David Backes, Nic Dowd, Antoine Roussel, Danny O'Regan
Custom OT Lines Defensemen
Ryan Pulock, P.K. Subban, Max Gildon, Gustav Lindstrom, Jacob Bryson

Scratches
Alex Belzile (Healthy)

Islanders

5 vs 5 Forward 
   Center                   Left Wing                Right Wing               Time % Phy DF OF 
 1 Jean-Gabriel Pageau      Rickard Rakell           Kyle Palmieri            34     1   2  2  
 2 Nick Paul                Johnny Gaudreau          Evgeny Kuznetsov         34     1   2  2  
 3 Valtteri Filppula        Zach Aston-Reese         Craig Smith              18     1   2  2  
 4 Brad Richardson          Rem Pitlick              Sam Gagner               14     1   2  2  

5 vs 5 Defense 
   Defense                  Defense                                           Time % Phy DF OF 
 1 Calvin de Haan           Mathew Dumba                                      38     1   2  2  
 2 Brian Dumoulin           Brady Skjei                                       38     1   2  2  
 3 Connor Carrick           Erik Gudbranson                                   24     1   2  2  
 4 Mathew Dumba             Brady Skjei                                       0      1   2  2  

PowerPlay Forward 
   Center                   Left Wing                Right Wing               Time % Phy DF OF 
 1 Evgeny Kuznetsov         Johnny Gaudreau          Rem Pitlick              75     1   2  2  
 2 Jean-Gabriel Pageau      Rickard Rakell           Craig Smith              25     1   2  2  

PowerPlay Defense
   Defense                  Defense                                           Time % Phy DF OF 
 1 Mathew Dumba             Brian Dumoulin                                    75     1   2  2  
 2 Brady Skjei              Connor Carrick                                    25     1   2  2  

Penalty Kill 4 Players Forward 
   Center                   Wing                     Time % Phy DF OF 
 1 Jean-Gabriel Pageau      Zach Aston-Reese         50     1   2  2  
 2 Nick Paul                Brad Richardson          50     1   2  2  

Penalty Kill 4 Players Defense
   Defense                  Defense                  Time % Phy DF OF 
 1 Calvin de Haan           Erik Gudbranson          60     1   2  2  
 2 Brian Dumoulin           Brady Skjei              40     1   2  2  

Penalty Kill - 3 Players Forward 
   Forward                                           Time % Phy DF OF 
 1 Brad Richardson                                   50     1   2  2  
 2 Nick Paul                                         50     1   2  2  

Penalty Kill - 3 Players Defense
   Defense                  Defense                  Time % Phy DF OF 
 1 Calvin de Haan           Erik Gudbranson          60     1   2  2  
 2 Brian Dumoulin           Brady Skjei              40     1   2  2  

4 vs 4 Forward 
   Center                   Wing                     Time % Phy DF OF 
 1 Jean-Gabriel Pageau      Johnny Gaudreau          50     1   2  2  
 2 Nick Paul                Evgeny Kuznetsov         50     1   2  2  

4 vs 4 Defense
   Defense                  Defense                  Time % Phy DF OF 
 1 Calvin de Haan           Mathew Dumba             50     1   2  2  
 2 Brady Skjei              Brian Dumoulin           50     1   2  2  

Last Minutes Offensive
   Center                   Left Wing                Right Wing               Defense                  Defense                  
   Evgeny Kuznetsov         Johnny Gaudreau          Rem Pitlick              Mathew Dumba             Brian Dumoulin           

Last Minutes Defensive
   Center                   Left Wing                Right Wing               Defense                  Defense                  
   Jean-Gabriel Pageau      Nick Paul                Brad Richardson          Calvin de Haan           Erik Gudbranson          

Goaltenders
Starting : Mikko Koskinen           
Backup : James Reimer             

Extra Forwards
Normal : Jean-Gabriel Pageau, Evgeny Kuznetsov, Rickard Rakell - PP : Kyle Palmieri, Sam Gagner - PK : Sam Gagner
Extra Defensemen
Normal : Mathew Dumba, Brian Dumoulin, Connor Carrick - PP : Calvin de Haan - PK : Mathew Dumba, Connor Carrick
Penalty Shots
Johnny Gaudreau, Jean-Gabriel Pageau, Rem Pitlick, Evgeny Kuznetsov, Craig Smith
Custom OT Lines Forwards
Johnny Gaudreau, Jean-Gabriel Pageau, Evgeny Kuznetsov, Rickard Rakell, Rem Pitlick, Kyle Palmieri, Sam Gagner, Valtteri Filppula, Craig Smith, Nick Paul
Custom OT Lines Defensemen
Mathew Dumba, Calvin de Haan, Brian Dumoulin, Brady Skjei, Connor Carrick

Scratches
None


% Time on Ice - Golden Knights

Lines # - Real PCT - Wanted PCT - Time Play
Normal Forward
1 - 32% - 36% - 15:10
2 - 28% - 34% - 13:21
3 - 23% - 26% - 10:52
4 - 16% - 4% - 7:41
Normal Defense
1 - 37% - 35% - 17:38
2 - 34% - 35% - 16:05
3 - 25% - 25% - 11:54
4 - 3% - 5% - 1:27
PP Forward
1 - 52% - 55% - 2:05
2 - 48% - 45% - 1:54
PP Defense
1 - 59% - 55% - 2:20
2 - 41% - 45% - 1:39
PK Forward
1 - 60% - 54% - 5:22
2 - 40% - 46% - 3:35
PK Defense
1 - 54% - 54% - 4:50
2 - 46% - 46% - 4:07
PK3 Forward
1 - 0% - 55%
2 - 0% - 45%
PK3 Defense
1 - 0% - 55%
2 - 0% - 45%
44 Forward
1 - 0% - 55%
2 - 0% - 45%
44 Defense
1 - 0% - 55%
2 - 0% - 45%
Last Minute Offensive  - 0:00
Last Minute Defensive  - 0:00
Total
Forward - 60:00
Defense - 60:00

% Time on Ice - Islanders

Lines # - Real PCT - Wanted PCT - Time Play
Normal Forward
1 - 31% - 34% - 14:29
2 - 30% - 34% - 13:54
3 - 22% - 18% - 10:25
4 - 18% - 14% - 8:16
Normal Defense
1 - 38% - 38% - 17:53
2 - 38% - 38% - 17:48
3 - 23% - 24% - 10:42
4 - 1% - 0% - 0:41
PP Forward
1 - 59% - 75% - 5:18
2 - 41% - 25% - 3:39
PP Defense
1 - 70% - 75% - 6:14
2 - 30% - 25% - 2:43
PK Forward
1 - 56% - 50% - 2:14
2 - 44% - 50% - 1:45
PK Defense
1 - 59% - 60% - 2:20
2 - 41% - 40% - 1:39
PK3 Forward
1 - 0% - 50%
2 - 0% - 50%
PK3 Defense
1 - 0% - 60%
2 - 0% - 40%
44 Forward
1 - 0% - 50%
2 - 0% - 50%
44 Defense
1 - 0% - 50%
2 - 0% - 50%
Last Minute Offensive  - 0:00
Last Minute Defensive  - 0:00
Total
Forward - 60:00
Defense - 60:00

Play-by-Play

1st period


0:01 of 1st period - Evgeni Malkin wins face-off versus Jean-Gabriel Pageau in neutral zone.
0:37 of 1st period - Slapshot by Evgeny Kuznetsov.
0:37 of 1st period - Shot Misses the Net.
0:53 of 1st period - Snap shot by Valtteri Filppula.
0:53 of 1st period - Stopped by Connor Hellebuyck without a rebound.
0:54 of 1st period - David Backes wins face-off versus Valtteri Filppula in Golden Knights zone.
2:09 of 1st period - Connor Carrick is hit by Danny O'Regan and loses puck.
2:24 of 1st period - Snap shot by Craig Smith.
2:24 of 1st period - Shot Blocked by David Backes.
2:29 of 1st period - Off-side.
2:30 of 1st period - Evgeni Malkin wins face-off versus Jean-Gabriel Pageau in neutral zone.
2:43 of 1st period - Snap shot by Ondrej Palat.
2:43 of 1st period - Stopped by Mikko Koskinen with a rebound.
3:04 of 1st period - Snap shot by Blake Coleman.
3:04 of 1st period - Shot Blocked by Brian Dumoulin.
3:08 of 1st period - Wrist shot by Phil Kessel.
3:08 of 1st period - Stopped by Mikko Koskinen with a rebound.
4:00 of 1st period - Wrist shot by Evgeni Malkin.
4:00 of 1st period - Deflect By Jean-Gabriel Pageau.
4:00 of 1st period - Stopped by Mikko Koskinen with a rebound.
4:02 of 1st period - Snap shot by Ondrej Palat.
4:02 of 1st period - Shot Misses the Net.
4:04 of 1st period - Snap shot by Evgeni Malkin.
4:04 of 1st period - Shot Blocked by Calvin de Haan.
4:06 of 1st period - Snap shot by Ryan Pulock.
4:06 of 1st period - Stopped by Mikko Koskinen without a rebound.
4:07 of 1st period - Nick Paul wins face-off versus Blake Coleman in Islanders zone.
4:23 of 1st period - Minor Penalty to Blake Coleman for Hooking.
4:24 of 1st period - Evgeny Kuznetsov wins face-off versus Brock Boeser in Golden Knights zone.
4:24 of 1st period - Snap shot by Johnny Gaudreau.
4:24 of 1st period - Goal by Johnny Gaudreau - Golden Knights : 0 - Islanders : 1.
4:25 of 1st period - Jean-Gabriel Pageau wins face-off versus Evgeni Malkin in neutral zone.
4:57 of 1st period - Snap shot by Blake Coleman.
4:57 of 1st period - Shot Misses the Net.
6:55 of 1st period - Minor Penalty to Jacob Bryson for Holding.
6:56 of 1st period - Brock Boeser wins face-off versus Evgeny Kuznetsov in Golden Knights zone.
7:21 of 1st period - Rickard Rakell is hit by Gustav Lindstrom and loses puck.
7:28 of 1st period - Wrist shot by Rickard Rakell.
7:28 of 1st period - Shot Blocked by Ryan Pulock.
7:30 of 1st period - Wrist shot by Jean-Gabriel Pageau.
7:30 of 1st period - Stopped by Connor Hellebuyck with a rebound.
8:55 of 1st period - Penalty to Jacob Bryson is over, Jacob Bryson is back on ice.
9:00 of 1st period - Minor Penalty to Zach Aston-Reese for Holding.
9:01 of 1st period - Nick Paul wins face-off versus Evgeni Malkin in Islanders zone.
9:01 of 1st period - Nick Paul is hit by Ondrej Palat.
9:12 of 1st period - Snap shot by Brock Boeser.
9:12 of 1st period - Stopped by Mikko Koskinen without a rebound.
9:13 of 1st period - Jean-Gabriel Pageau wins face-off versus Evgeni Malkin in Islanders zone.
9:38 of 1st period - Snap shot by Phil Kessel.
9:38 of 1st period - Stopped by Mikko Koskinen with a rebound.
10:38 of 1st period - Snap shot by Evgeny Kuznetsov.
10:38 of 1st period - Shot Blocked by Blake Coleman.
11:00 of 1st period - Penalty to Zach Aston-Reese is over, Zach Aston-Reese is back on ice.
11:09 of 1st period - Icing by David Backes.
11:10 of 1st period - Nick Paul wins face-off versus David Backes in Golden Knights zone.
11:21 of 1st period - Snap shot by Johnny Gaudreau.
11:21 of 1st period - Shot Misses the Net.
11:43 of 1st period - P.K. Subban is hit by Erik Gudbranson and loses puck.
11:56 of 1st period - Wrist shot by Phil Kessel.
11:56 of 1st period - Stopped by Mikko Koskinen without a rebound.
11:57 of 1st period - Brad Richardson wins face-off versus Blake Coleman in Islanders zone.
12:10 of 1st period - Wrist shot by Sam Gagner.
12:10 of 1st period - Shot Misses the Net.
12:12 of 1st period - Slapshot by Brad Richardson.
12:12 of 1st period - Shot Blocked by Phil Kessel.
12:18 of 1st period - Minor Penalty to Blake Coleman for Elbowing.
12:19 of 1st period - Evgeny Kuznetsov wins face-off versus Brock Boeser in Golden Knights zone.
12:32 of 1st period - Wrist shot by Johnny Gaudreau.
12:32 of 1st period - Stopped by Connor Hellebuyck with a rebound.
12:52 of 1st period - Snap shot by Craig Smith.
12:52 of 1st period - Goal by Craig Smith - Golden Knights : 0 - Islanders : 2.
12:53 of 1st period - Jean-Gabriel Pageau wins face-off versus Evgeni Malkin in neutral zone.
12:59 of 1st period - Icing by Jacob Bryson.
13:00 of 1st period - Jean-Gabriel Pageau wins face-off versus Evgeni Malkin in Golden Knights zone.
13:01 of 1st period - Snap shot by Rickard Rakell.
13:01 of 1st period - Shot Misses the Net.
13:27 of 1st period - Snap shot by David Backes.
13:27 of 1st period - Stopped by Mikko Koskinen with a rebound.
13:29 of 1st period - Wrist shot by Jacob Bryson.
13:29 of 1st period - Deflect By David Backes.
13:29 of 1st period - Golden Knights goal is going for a video replay.
13:29 of 1st period - The goal is refused. The puck has entered the net after making contact with an attacking player’s stick that is above the height of the crossbar..
13:30 of 1st period - David Backes wins face-off versus Nick Paul in Islanders zone.
13:55 of 1st period - Brian Dumoulin is hit by Brock Boeser and loses puck.
14:16 of 1st period - Icing by P.K. Subban.
14:17 of 1st period - Jean-Gabriel Pageau wins face-off versus Blake Coleman in Golden Knights zone.
15:30 of 1st period - Ryan Pulock is hit by Zach Aston-Reese and loses puck.
16:27 of 1st period - Erik Gudbranson is hit by Drake Caggiula and loses puck.
16:50 of 1st period - Wrist shot by Craig Smith.
16:50 of 1st period - Stopped by Connor Hellebuyck with a rebound.
16:52 of 1st period - Snap shot by Brad Richardson.
16:52 of 1st period - Deflect By Sam Gagner.
16:52 of 1st period - Shot Misses the Net.
16:52 of 1st period - Puck is out of play.
16:53 of 1st period - Brad Richardson wins face-off versus Nic Dowd in Golden Knights zone.
17:18 of 1st period - Snap shot by Evgeny Kuznetsov.
17:18 of 1st period - Stopped by Connor Hellebuyck without a rebound.
17:19 of 1st period - Nick Paul wins face-off versus Ondrej Palat in Golden Knights zone.
17:24 of 1st period - Wrist shot by Evgeny Kuznetsov.
17:24 of 1st period - Stopped by Connor Hellebuyck with a rebound.
17:43 of 1st period - Wrist shot by Evgeny Kuznetsov.
17:43 of 1st period - Stopped by Connor Hellebuyck with a rebound.
17:51 of 1st period - Wrist shot by Johnny Gaudreau.
17:51 of 1st period - Stopped by Connor Hellebuyck with a rebound.
18:01 of 1st period - Slapshot by Evgeny Kuznetsov.
18:01 of 1st period - Shot Misses the Net.
18:43 of 1st period - Snap shot by Evgeny Kuznetsov.
18:43 of 1st period - Stopped by Connor Hellebuyck without a rebound.
18:44 of 1st period - Jean-Gabriel Pageau wins face-off versus Blake Coleman in Golden Knights zone.
18:45 of 1st period - Snap shot by Rickard Rakell.
18:45 of 1st period - Stopped by Connor Hellebuyck without a rebound.
18:46 of 1st period - Derek Stepan wins face-off versus Jean-Gabriel Pageau in Golden Knights zone.
18:51 of 1st period - Wrist shot by Derek Stepan.
18:51 of 1st period - Stopped by Mikko Koskinen with a rebound.
18:57 of 1st period - Slapshot by Blake Coleman.
18:57 of 1st period - Stopped by Mikko Koskinen with a rebound.
19:16 of 1st period - Calvin de Haan is hit by Ryan Pulock and loses puck.
19:31 of 1st period - Brad Richardson is hit by Danny O'Regan.
Goals for this period are 0 for Golden Knights vs 2 for Islanders.
Shots for this period are 11 for Golden Knights vs 12 for Islanders.

2nd period


0:01 of 2nd period - Kyle Palmieri wins face-off versus Blake Coleman in neutral zone.
1:52 of 2nd period - Snap shot by Drake Caggiula.
1:52 of 2nd period - Stopped by Mikko Koskinen without a rebound.
1:53 of 2nd period - David Backes wins face-off versus Johnny Gaudreau in Islanders zone.
1:54 of 2nd period - Wrist shot by P.K. Subban.
1:54 of 2nd period - Deflect By Brady Skjei.
1:54 of 2nd period - Stopped by Mikko Koskinen without a rebound.
1:55 of 2nd period - Jean-Gabriel Pageau wins face-off versus David Backes in Islanders zone.
1:55 of 2nd period - Jean-Gabriel Pageau is hit by Antoine Roussel.
2:25 of 2nd period - Snap shot by Craig Smith.
2:25 of 2nd period - Shot Misses the Net.
2:27 of 2nd period - Wrist shot by Valtteri Filppula.
2:27 of 2nd period - Shot Misses the Net.
2:29 of 2nd period - Wrist shot by Craig Smith.
2:29 of 2nd period - Shot Blocked by Ryan Pulock.
2:31 of 2nd period - Wrist shot by Craig Smith.
2:31 of 2nd period - Deflect By David Backes.
2:31 of 2nd period - Stopped by Connor Hellebuyck with a rebound.
2:33 of 2nd period - Snap shot by Zach Aston-Reese.
2:33 of 2nd period - Deflect By Valtteri Filppula.
2:33 of 2nd period - Shot Misses the Net.
2:33 of 2nd period - Puck is out of play.
2:34 of 2nd period - Kyle Palmieri wins face-off versus Blake Coleman in Golden Knights zone.
3:24 of 2nd period - Snap shot by Nic Dowd.
3:24 of 2nd period - Stopped by Mikko Koskinen without a rebound.
3:25 of 2nd period - Nic Dowd wins face-off versus Valtteri Filppula in Islanders zone.
3:41 of 2nd period - Icing by Valtteri Filppula.
3:42 of 2nd period - Valtteri Filppula wins face-off versus Blake Coleman in Islanders zone.
4:06 of 2nd period - Off-side.
4:07 of 2nd period - Evgeni Malkin wins face-off versus Kyle Palmieri in neutral zone.
6:46 of 2nd period - Snap shot by P.K. Subban.
6:46 of 2nd period - Deflect By David Backes.
6:46 of 2nd period - Shot Blocked by Jean-Gabriel Pageau.
6:46 of 2nd period - Puck is out of play.
6:47 of 2nd period - Phil Kessel wins face-off versus Jean-Gabriel Pageau in Islanders zone.
6:50 of 2nd period - Snap shot by Derek Stepan.
6:50 of 2nd period - Stopped by Mikko Koskinen without a rebound.
6:51 of 2nd period - Jean-Gabriel Pageau wins face-off versus Blake Coleman in Islanders zone.
6:53 of 2nd period - Minor Penalty to Mathew Dumba for Hooking.
6:54 of 2nd period - Evgeni Malkin wins face-off versus Nick Paul in Islanders zone.
6:54 of 2nd period - Backhand shot by Brock Boeser.
6:54 of 2nd period - Goal by Brock Boeser - Golden Knights : 1 - Islanders : 2.
6:55 of 2nd period - Jean-Gabriel Pageau wins face-off versus Blake Coleman in neutral zone.
7:55 of 2nd period - Wrist shot by Sam Gagner.
7:55 of 2nd period - Shot Blocked by Ryan Pulock.
8:17 of 2nd period - Wrist shot by Valtteri Filppula.
8:17 of 2nd period - Shot Hit the Post.
8:27 of 2nd period - Rickard Rakell is hit by Evgeni Malkin and loses puck.
8:42 of 2nd period - Minor Penalty to Ondrej Palat for Holding.
8:43 of 2nd period - Evgeny Kuznetsov wins face-off versus Brock Boeser in Golden Knights zone.
8:48 of 2nd period - Wrist shot by Rem Pitlick.
8:48 of 2nd period - Stopped by Connor Hellebuyck with a rebound.
10:42 of 2nd period - Penalty to Ondrej Palat is over, Ondrej Palat is back on ice.
10:45 of 2nd period - Icing by Jacob Bryson.
10:46 of 2nd period - Brad Richardson wins face-off versus Brock Boeser in Golden Knights zone.
10:59 of 2nd period - Rem Pitlick is hit by Adam Boqvist and loses puck.
11:32 of 2nd period - Wrist shot by Drake Caggiula.
11:32 of 2nd period - Stopped by Mikko Koskinen without a rebound.
11:33 of 2nd period - David Backes wins face-off versus Nick Paul in Islanders zone.
12:11 of 2nd period - Snap shot by Drake Caggiula.
12:11 of 2nd period - Stopped by Mikko Koskinen with a rebound.
12:13 of 2nd period - Snap shot by David Backes.
12:13 of 2nd period - Shot Misses the Net.
12:15 of 2nd period - Snap shot by David Backes.
12:15 of 2nd period - Shot Blocked by Mathew Dumba.
12:17 of 2nd period - Wrist shot by Drake Caggiula.
12:17 of 2nd period - Stopped by Mikko Koskinen without a rebound.
12:18 of 2nd period - Blake Coleman wins face-off versus Nick Paul in Islanders zone.
12:19 of 2nd period - Snap shot by Phil Kessel.
12:19 of 2nd period - Stopped by Mikko Koskinen without a rebound.
12:20 of 2nd period - Nick Paul wins face-off versus Blake Coleman in Islanders zone.
12:45 of 2nd period - Evgeni Malkin is hit by Rickard Rakell and loses puck.
12:54 of 2nd period - Jean-Gabriel Pageau is hit by Brock Boeser and loses puck.
13:30 of 2nd period - Wrist shot by Johnny Gaudreau.
13:30 of 2nd period - Stopped by Connor Hellebuyck without a rebound.
13:31 of 2nd period - Nick Paul wins face-off versus Blake Coleman in Golden Knights zone.
13:42 of 2nd period - Snap shot by Johnny Gaudreau.
13:42 of 2nd period - Goal by Johnny Gaudreau - Golden Knights : 1 - Islanders : 3.
13:43 of 2nd period - Derek Stepan wins face-off versus Jean-Gabriel Pageau in neutral zone.
14:40 of 2nd period - Backhand shot by David Backes.
14:40 of 2nd period - Shot Misses the Net.
14:56 of 2nd period - Slapshot by Nic Dowd.
14:56 of 2nd period - Stopped by Mikko Koskinen without a rebound.
14:57 of 2nd period - Jean-Gabriel Pageau wins face-off versus Nic Dowd in Islanders zone.
15:33 of 2nd period - Slapshot by Kyle Palmieri.
15:33 of 2nd period - Shot Blocked by Danny O'Regan.
15:44 of 2nd period - Minor Penalty to Ryan Pulock for Hooking.
15:45 of 2nd period - Evgeny Kuznetsov wins face-off versus David Backes in Golden Knights zone.
15:45 of 2nd period - Snap shot by Johnny Gaudreau.
15:45 of 2nd period - Shot Misses the Net.
15:47 of 2nd period - Snap shot by Brian Dumoulin.
15:47 of 2nd period - Deflect By P.K. Subban.
15:47 of 2nd period - Stopped by Connor Hellebuyck with a rebound.
16:05 of 2nd period - Mathew Dumba is hit by Brock Boeser and loses puck.
16:20 of 2nd period - Jacob Bryson is hit by Jean-Gabriel Pageau and loses puck.
17:09 of 2nd period - David Backes is hit by Kyle Palmieri and loses puck.
17:44 of 2nd period - Penalty to Ryan Pulock is over, Ryan Pulock is back on ice.
18:04 of 2nd period - Snap shot by Jonny Brodzinski.
18:04 of 2nd period - Shot Misses the Net.
18:53 of 2nd period - Johnny Gaudreau is hit by Adam Boqvist and loses puck.
19:08 of 2nd period - Snap shot by Craig Smith.
19:08 of 2nd period - Shot Blocked by Gustav Lindstrom.
19:54 of 2nd period - P.K. Subban is hit by Sam Gagner.
Goals for this period are 1 for Golden Knights vs 1 for Islanders.
Shots for this period are 10 for Golden Knights vs 5 for Islanders.

3rd period


0:01 of 3rd period - Evgeni Malkin wins face-off versus Nick Paul in neutral zone.
0:14 of 3rd period - Wrist shot by Ondrej Palat.
0:14 of 3rd period - Shot Misses the Net.
0:34 of 3rd period - Slapshot by Rickard Rakell.
0:34 of 3rd period - Shot Blocked by Adam Boqvist.
0:36 of 3rd period - Slapshot by Mathew Dumba.
0:36 of 3rd period - Stopped by Connor Hellebuyck without a rebound.
0:37 of 3rd period - Evgeni Malkin wins face-off versus Jean-Gabriel Pageau in Golden Knights zone.
2:02 of 3rd period - Wrist shot by Derek Stepan.
2:02 of 3rd period - Stopped by Mikko Koskinen with a rebound.
2:04 of 3rd period - Slapshot by P.K. Subban.
2:04 of 3rd period - Stopped by Mikko Koskinen with a rebound.
2:06 of 3rd period - Wrist shot by Phil Kessel.
2:06 of 3rd period - Stopped by Mikko Koskinen without a rebound.
2:07 of 3rd period - Jean-Gabriel Pageau wins face-off versus Blake Coleman in Islanders zone.
2:14 of 3rd period - Slapshot by Ryan Pulock.
2:14 of 3rd period - Shot Blocked by Kyle Palmieri.
2:16 of 3rd period - Slapshot by Ryan Pulock.
2:16 of 3rd period - Stopped by Mikko Koskinen without a rebound.
2:17 of 3rd period - Evgeni Malkin wins face-off versus Nick Paul in Islanders zone.
2:30 of 3rd period - Snap shot by Johnny Gaudreau.
2:30 of 3rd period - Shot Misses the Net.
2:32 of 3rd period - Wrist shot by Johnny Gaudreau.
2:32 of 3rd period - Goal by Johnny Gaudreau - Golden Knights : 1 - Islanders : 4.
2:32 of 3rd period - Keith Kinkaid enters game.
2:33 of 3rd period - Evgeni Malkin wins face-off versus Evgeny Kuznetsov in neutral zone.
2:36 of 3rd period - Wrist shot by Ondrej Palat.
2:36 of 3rd period - Stopped by Mikko Koskinen with a rebound.
2:43 of 3rd period - Off-side.
2:44 of 3rd period - Nick Paul wins face-off versus Blake Coleman in neutral zone.
2:46 of 3rd period - Off-side.
2:47 of 3rd period - Johnny Gaudreau wins face-off versus Blake Coleman in neutral zone.
3:36 of 3rd period - Slapshot by Sam Gagner.
3:36 of 3rd period - Shot Blocked by Antoine Roussel.
3:38 of 3rd period - Slapshot by Mathew Dumba.
3:38 of 3rd period - Stopped by Keith Kinkaid with a rebound.
3:44 of 3rd period - Minor Penalty to Drake Caggiula for Tripping.
3:45 of 3rd period - Evgeny Kuznetsov wins face-off versus Brock Boeser in Golden Knights zone.
3:46 of 3rd period - Snap shot by Johnny Gaudreau.
3:46 of 3rd period - Shot Misses the Net.
3:48 of 3rd period - Slapshot by Brian Dumoulin.
3:48 of 3rd period - Stopped by Keith Kinkaid with a rebound.
3:50 of 3rd period - Slapshot by Brian Dumoulin.
3:50 of 3rd period - Stopped by Keith Kinkaid without a rebound.
3:51 of 3rd period - Brock Boeser wins face-off versus Evgeny Kuznetsov in Golden Knights zone.
4:20 of 3rd period - David Backes is hit by Brian Dumoulin and loses puck.
4:41 of 3rd period - P.K. Subban is hit by Connor Carrick and loses puck.
4:57 of 3rd period - Icing by Connor Carrick.
4:58 of 3rd period - Evgeny Kuznetsov wins face-off versus Brock Boeser in Islanders zone.
5:44 of 3rd period - Penalty to Drake Caggiula is over, Drake Caggiula is back on ice.
5:53 of 3rd period - Slapshot by Connor Carrick.
5:53 of 3rd period - Stopped by Keith Kinkaid with a rebound.
6:22 of 3rd period - Kyle Palmieri is hit by Adam Boqvist and loses puck.
6:29 of 3rd period - Wrist shot by Nic Dowd.
6:29 of 3rd period - Shot Blocked by Calvin de Haan.
6:39 of 3rd period - Ryan Pulock is hit by Johnny Gaudreau and loses puck.
6:48 of 3rd period - Jacob Bryson is hit by Calvin de Haan and loses puck.
7:25 of 3rd period - Brian Dumoulin is hit by Antoine Roussel and loses puck.
7:40 of 3rd period - Nic Dowd is hit by Kyle Palmieri and loses puck.
7:47 of 3rd period - Jean-Gabriel Pageau is hit by Adam Boqvist and loses puck.
7:58 of 3rd period - Kyle Palmieri is hit by Derek Stepan.
8:08 of 3rd period - Evgeny Kuznetsov is hit by Adam Boqvist and loses puck.
8:25 of 3rd period - Snap shot by Johnny Gaudreau.
8:25 of 3rd period - Stopped by Keith Kinkaid without a rebound.
8:26 of 3rd period - Brad Richardson wins face-off versus Blake Coleman in Golden Knights zone.
8:43 of 3rd period - Connor Carrick is hit by Derek Stepan and loses puck.
9:42 of 3rd period - Snap shot by Rickard Rakell.
9:42 of 3rd period - Shot Misses the Net.
9:44 of 3rd period - Slapshot by Brian Dumoulin.
9:44 of 3rd period - Deflect By Jean-Gabriel Pageau.
9:44 of 3rd period - Stopped by Keith Kinkaid with a rebound.
9:46 of 3rd period - Slapshot by Brady Skjei.
9:46 of 3rd period - Deflect By Kyle Palmieri.
9:46 of 3rd period - Shot Blocked by Jonny Brodzinski.
9:46 of 3rd period - Puck is out of play.
9:47 of 3rd period - Nick Paul wins face-off versus Blake Coleman in Golden Knights zone.
9:59 of 3rd period - Icing by Jacob Bryson.
10:00 of 3rd period - Evgeny Kuznetsov wins face-off versus Blake Coleman in Golden Knights zone.
10:03 of 3rd period - Wrist shot by Johnny Gaudreau.
10:03 of 3rd period - Stopped by Keith Kinkaid with a rebound.
10:05 of 3rd period - Backhand shot by Evgeny Kuznetsov.
10:05 of 3rd period - Shot Misses the Net.
10:11 of 3rd period - Snap shot by Johnny Gaudreau.
10:11 of 3rd period - Stopped by Keith Kinkaid without a rebound.
10:12 of 3rd period - Brock Boeser wins face-off versus Jean-Gabriel Pageau in Golden Knights zone.
10:34 of 3rd period - Icing by Evgeni Malkin.
10:35 of 3rd period - Johnny Gaudreau wins face-off versus Evgeni Malkin in Golden Knights zone.
10:57 of 3rd period - Slapshot by P.K. Subban.
10:57 of 3rd period - Shot Misses the Net.
11:02 of 3rd period - Minor Penalty to Brady Skjei for Roughing.
11:03 of 3rd period - Nick Paul wins face-off versus Derek Stepan in Islanders zone.
13:02 of 3rd period - Penalty to Brady Skjei is over, Brady Skjei is back on ice.
13:19 of 3rd period - Wrist shot by Antoine Roussel.
13:19 of 3rd period - Shot Blocked by Brady Skjei.
13:21 of 3rd period - Snap shot by Drake Caggiula.
13:21 of 3rd period - Stopped by Mikko Koskinen without a rebound.
13:22 of 3rd period - Brad Richardson wins face-off versus Nic Dowd in Islanders zone.
13:22 of 3rd period - Brad Richardson is hit by Danny O'Regan.
13:42 of 3rd period - Minor Penalty to Jonny Brodzinski for Tripping.
13:43 of 3rd period - Brock Boeser wins face-off versus Evgeny Kuznetsov in Golden Knights zone.
14:08 of 3rd period - Snap shot by Rickard Rakell.
14:08 of 3rd period - Goal by Rickard Rakell - Golden Knights : 1 - Islanders : 5.
14:09 of 3rd period - Jean-Gabriel Pageau wins face-off versus Blake Coleman in neutral zone.
15:01 of 3rd period - Snap shot by David Backes.
15:01 of 3rd period - Shot Misses the Net.
15:03 of 3rd period - Backhand shot by Antoine Roussel.
15:03 of 3rd period - Stopped by Mikko Koskinen with a rebound.
16:04 of 3rd period - Snap shot by Kyle Palmieri.
16:04 of 3rd period - Stopped by Keith Kinkaid with a rebound.
16:19 of 3rd period - Slapshot by Ondrej Palat.
16:19 of 3rd period - Stopped by Mikko Koskinen without a rebound.
16:20 of 3rd period - Nick Paul wins face-off versus Blake Coleman in Islanders zone.
16:20 of 3rd period - Nick Paul is hit by Adam Boqvist.
16:55 of 3rd period - Wrist shot by Drake Caggiula.
16:55 of 3rd period - Shot Misses the Net.
17:59 of 3rd period - Connor Carrick is hit by Evgeni Malkin and loses puck.
18:20 of 3rd period - Snap shot by Blake Coleman.
18:20 of 3rd period - Stopped by Mikko Koskinen with a rebound.
18:48 of 3rd period - Jean-Gabriel Pageau is hit by Jonny Brodzinski and loses puck.
18:58 of 3rd period - Slapshot by Jonny Brodzinski.
18:58 of 3rd period - Stopped by Mikko Koskinen with a rebound.
19:26 of 3rd period - Icing by Brock Boeser.
19:27 of 3rd period - Blake Coleman wins face-off versus Valtteri Filppula in Golden Knights zone.
19:27 of 3rd period - Blake Coleman is hit by Mathew Dumba.
Goals for this period are 0 for Golden Knights vs 2 for Islanders.
Shots for this period are 10 for Golden Knights vs 12 for Islanders.